 Dungeon Crawl Stone Soup version 0.30-a0-170-g85af917532 (webtiles) character file.

Game seed: 4577129898472727327

84 qw the Chopper (level 4, 0/28 HPs)
             Began as a Gargoyle Fighter on Sept 30, 2022.
             Slain by a gnoll
             ... wielding a +0 halberd
              (12 damage)
             ... on level 3 of the Dungeon.
             The game lasted 00:00:43 (1975 turns).

qw the Chopper (Gargoyle Fighter)                   Turns: 1975, Time: 00:00:43

Health: 0/28       AC: 10    Str: 21    XL:     4   Next: 46%
Magic:  4/4        EV:  9    Int:  9    God:
Gold:   115        SH:  4    Dex:  9    Spells: 3/3 levels left

rFire   . . .      SeeInvis .    Y - +0 war axe
rCold   . . .      Faith    .    c - +0 buckler
rNeg    + . .      Spirit   .    b - +0 scale mail
rPois   inf        Reflect  .    (no helmet)
rElec   +          Harm     .    (no cloak)
rCorr   .          Rampage  .    (no gloves)
Will    .....                    (no boots)
Stlth   ..........               (no amulet)
HPRegen 0.09/turn                (no ring)
MPRegen 0.09/turn                (no ring)

@: no status effects
A: sickness immunity, AC +3, negative energy resistance 1, electricity
resistance, torment resistance 1, petrification resistance
a: no special abilities


You were on level 3 of the Dungeon.
You visited 1 branch of the dungeon, and saw 3 of its levels.

You collected 115 gold pieces.


Innate Abilities, Weirdness & Mutations

You are immune to sickness and miasma.
Your stone body is resilient. (AC +3)
You are immune to poison.
You resist negative energy. (rN+)
You are resistant to electric shocks. (rElec)
You are resistant to unholy torment.
You are immune to petrification.


   Skills:
 - Level 3.2 Fighting
 + Level 4.1 Axes
 - Level 3.2 Armour
 - Level 3.2 Shields


You had 3 spell levels left.
You didn't know any spells.
Your spell library was empty.

Inventory:

Hand Weapons
 a - a +0 mace
 Y - a +0 war axe (weapon)
Armour
 b - a +0 scale mail (worn)
 c - a +0 buckler (worn)
 i - a +0 plate armour
Scrolls
 e - a scroll of amnesia {unknown}
 f - a scroll of identify
 h - 2 scrolls of enchant armour
 j - a scroll of teleportation
Potions
 d - a potion of might
 g - a potion of attraction {unknown}

Dungeon Overview and Level Annotations

Branches:
Dungeon (3/15)

Altars:
Uskayaw


Message History

You kill the orc!
The gnoll hits you but does no damage.
A gnoll comes into view. It is wielding a +0 halberd.
The gnoll shouts!
The gnoll closely misses you.
Things that are here:
a +0 hand axe; a +0 dagger You slash the gnoll!
The gnoll is heavily wounded.
You hit the gnoll.
The gnoll is severely wounded.
You hit the gnoll. The gnoll hits you with a +0 spear.
The gnoll closely misses you. The gnoll barely misses you. x2
You hit the gnoll but do no damage.
The gnoll is severely wounded.
You slash the gnoll!
You kill the gnoll!
The gnoll hits you with a +0 spear.
Your Axes skill increases to level 4!
You barely miss the gnoll.
The gnoll is severely wounded.
The gnoll barely misses you. The gnoll hits you with a +0 spear.
You hit the gnoll.
You kill the gnoll!
The gnoll barely misses you. x2
Found a scroll labelled FUIZAQ CUCK.
The gnoll hits you with a +0 halberd.
Things that are here:
a +0 whip; a gnoll corpse You slash the gnoll!
The gnoll is severely wounded.
The gnoll completely misses you.
You completely miss the gnoll.
The gnoll is severely wounded.
The gnoll misses you.
You hit the gnoll.
The gnoll is severely wounded.
The gnoll hits you with a +0 halberd!
You die...

......#)%)........#
.....##..)........#
......##..........# .
......##..........##...#
.......................
......#....###.###...###
..........## #.## .....
.....##...# #.)##......
....###...# ##)@g......
##### ###. #.##......
...# ..... ..#### ####
... .. ?


You could see a gnoll.

Vanquished Creatures
  An adder (D:3)
  2 gnolls (D:3)
  5 orcs (D:3)
  4 endoplasms
  A giant cockroach (D:2)
  5 hobgoblins
  4 jackals (D:3)
  3 kobolds
  A quokka (D:1)
  7 ball pythons (D:1)
  7 bats
  2 frilled lizards (D:1)
  5 goblins
  4 rats
51 creatures vanquished.

Notes
Turn   | Place    | Note
-------+----------+-------------------------------------------
     0 | D:1      | qw the Gargoyle Fighter began the quest for the Orb.
     0 | D:1      | Reached XP level 1. HP: 14/14 MP: 1/1
     0 | D:1      | 0 ||| qw: Version: 0.2-a-12-gaebbb33
     0 | D:1      | 0 ||| qw: Game counter: 1500
     0 | D:1      | 0 ||| qw: Always use a shield: true
     0 | D:1      | 0 ||| qw: God list: Okawaru
     0 | D:1      | 0 ||| qw: Allow faded altars: false
     0 | D:1      | 0 ||| qw: Do Orc after D:15 true
     0 | D:1      | 0 ||| qw: Do second Lair branch before Depths: true
     0 | D:1      | 0 ||| qw: Lair rune preference: random
     0 | D:1      | 0 ||| qw: Plans: Normal, Zot:1-4, God:TSO, Crypt, Tomb,
                  | Pan, Slime:5, Hells, Abyss, Orb
     0 | D:1      | 0 ||| PLANNING D:1-11
   123 | D:1      | Reached skill level 2 in Axes
   287 | D:1      | Reached XP level 2. HP: 18/19 MP: 2/2
   397 | D:1      | Found a faded altar of an unknown god.
   763 | D:1      | Reached skill level 3 in Axes
   934 | D:1      | 934 ||| READING scroll labelled APODATHOPO.
   935 | D:1      | 935 ||| READING 2 scrolls labelled XAESMU YXICK.
   936 | D:1      | 936 ||| READING 3 scrolls labelled YHIOHU VIOSTRAAS.
   937 | D:1      | 937 ||| READING scroll labelled TONOSHRE FYUP.
  1053 | D:2      | Reached XP level 3. HP: 23/23 MP: 3/3
  1333 | D:2      | 1333 ||| DROPPING +0 club.
  1371 | D:2      | Found a hide-covered altar of Uskayaw.
  1589 | D:2      | 1589 ||| READING scroll labelled WEASUA BUDUTUH.
  1590 | D:2      | 1590 ||| READING scroll labelled QIRGHO QOOMO.
  1728 | D:3      | 1728 ||| Stepping ~*~*~tactically~*~*~ (stealth).
  1753 | D:3      | Reached XP level 4. HP: 11/28 MP: 4/4
  1959 | D:3      | 1959 ||| Stepping ~*~*~tactically~*~*~ (hiding).
  1970 | D:3      | Reached skill level 4 in Axes
  1975 | D:3      | Slain by a gnoll

Levels and vault maps discovered:
D:1:      erik_arrival_orb_chamber, layout_loops_ring,
          nicolae_ecumenical_snake_handling
D:2:      layout_loops_ring, basic_altar, corexii_hall_statues_s,
          chequers_serial_rivers_micro_b, st_stairs_2,
          chequers_serial_rivers_micro_c
D:3:      layout_rooms

Skill      XL: |  1  2  3  4 |
---------------+-------------+-----
Axes           | 2 3 4 |  4.1
Fighting       | |  3.2
Armour         | |  3.2
Shields        | |  3.2

Action                   |  1- 3 |  4- 6 || total
-------------------------+-------+-------++-------
Melee: War axe           |   119 |    16 ||   135
  Use: Scroll            |     6 |       ||     6
Armor: Scale mail        |    67 |     4 ||    71
Dodge: Dodged            |    50 |    12 ||    62
Block: Buckler           |    29 |     2 ||    31

Table legend:
 A = Non-vault XP
 B = Vault XP
 C = Vault XP percentage of total XP
 D = Non-vault monster count
 E = Vault monster count
 F = Vault count percentage of total count
                 A         B        C        D         E       F
            +---------+---------+-------+---------+---------+-------
      Total |     111 |      10 |   8.3 |      45 |       6 |  11.8
            +---------+---------+-------+---------+---------+-------
        D:1 |      25 |       6 |  19.4 |      17 |       4 |  19.0
        D:2 |      14 |       4 |  22.2 |      11 |       2 |  15.4
        D:3 |      72 |       0 |   0.0 |      17 |       0 |   0.0
            +---------+---------+-------+---------+---------+-------
